 Dungeon Crawl Stone Soup version 0.17.0-1-g61d176b (webtiles) character file.

11132 inmateoo the Grappler (level 11, -7/97 HPs)
             Began as a Ghoul Monk on Nov 7, 2015.
             Was a Priest of Cheibriados.
             Killed from afar by an electric eel (10 damage)
             ... with a bolt of electricity
             ... on level 11 of the Dungeon.
             The game lasted 00:16:19 (8439 turns).

inmateoo the Grappler (Ghoul Monk)                  Turns: 8439, Time: 00:16:20

Health: -7/97      AC: 20    Str: 26    XL:     11   Next: 73%
Magic:  22/22      EV: 12    Int: 19    God:    Cheibriados [***...]
Gold:   394        SH:  4    Dex: 20    Spells: 0 memorised, 15 levels left

rFire  . . .     SeeInvis .       - Unarmed
rCold  + . .     Clarity  .     K - +0 plate armour (curse)
rNeg   + + +     SustAt   .     Q - +0 buckler
rPois  ∞         Gourm    .     C - +1 helmet
rElec  .         Spirit   .     x - +1 cloak
rCorr  +         Warding  .     (no gloves)
rMut   .         Stasis   .     v - +2 pair of boots of Divine Compulsion {+Fly Int+6}
MR     .....                    H - amulet of resist corrosion
Stlth  ..........               (no ring)
                                F - ring of magical power

@: rotting, very slow, not resistant to hostile enchantments, extremely
unstealthy
A: rotting body, claws 1, carnivore 3, cold resistance 1, negative energy
resistance 3, slow regeneration 1, torment resistance, unbreathing
a: Bend Time, Temporal Distortion, Renounce Religion, Evoke Flight


You were on level 11 of the Dungeon.
You worshipped Cheibriados.
Cheibriados was most pleased with you.
You were not hungry.

You visited 2 branches of the dungeon, and saw 12 of its levels.

You collected 794 gold pieces.
You spent 400 gold pieces at shops.

Inventory:

Armour
 q - a +0 pair of boots
 v - the +2 pair of boots of Divine Compulsion (worn) {+Fly Int+6}
   (You acquired it on level 9 of the Dungeon)

   It affects your intelligence (+6).
   It lets you fly.
 x - a +1 cloak (worn)
 C - a +1 helmet (worn)
 K - a cursed +0 plate armour (worn)
 Q - a +0 buckler (worn)
Magical Staves
 G - an uncursed staff of air
Jewellery
 F - a ring of magical power (left claw)
 H - an amulet of resist corrosion (around neck)
 O - an uncursed ring of ice
Wands
 s - a wand of magic darts (20)
 t - a wand of paralysis (2)
 w - a wand of slowing (37)
 z - a wand of confusion (48)
 R - a wand of fire (7)
Scrolls
 e - 4 scrolls of amnesia
 g - 5 scrolls of fog
 j - 6 scrolls of remove curse
 u - 7 scrolls of blinking
 E - 6 scrolls of teleportation
 I - 2 scrolls of enchant weapon
 J - a scroll of recharging
Potions
 a - 6 potions of brilliance
 c - 2 potions of cancellation
 d - a potion of agility
 i - 5 potions of curing {unknown}
 k - a potion of magic
 l - 3 potions of flight
 m - a potion of invisibility
 r - 2 potions of might
 B - a potion of resistance
 P - 2 potions of heal wounds
Books
 o - a book of Death

   Spells                             Type                      Level
   a - Corpse Rot                     Necromancy                   2
   b - Sublimation of Blood           Necromancy                   2
   c - Agony                          Necromancy                   5
   d - Dispel Undead                  Necromancy                   5
   e - Excruciating Wounds            Charms/Necromancy            5
   f - Bolt of Draining               Conjuration/Necromancy       5
 y - a Necronomicon

   Spells                             Type                      Level
   a - Haunt                          Necromancy/Summoning         7
   b - Borgnjor's Revivification      Necromancy                   8
   c - Death's Door                   Charms/Necromancy            8
   d - Necromutation                  Transmutation/Necromancy     8
 A - a book of Hinderance

   Spells                             Type                      Level
   a - Confusing Touch                Hexes                        2
   b - Confuse                        Hexes                        3
   c - Gell's Gravitas                Hexes/Translocation          3
   d - Petrify                        Transmutation/Earth          4
   e - Metabolic Englaciation         Hexes/Ice                    5
 D - a book of Debilitation

   Spells                             Type                      Level
   a - Corona                         Hexes                        1
   b - Slow                           Hexes                        2
   c - Gell's Gravitas                Hexes/Translocation          3
   d - Inner Flame                    Hexes/Fire                   3
   e - Cause Fear                     Hexes                        4
   f - Leda's Liquefaction            Hexes/Earth                  4
Comestibles
 b - 9 meat rations
 h - a royal jelly
 n - 7 beef jerkies
 p - 3 slices of pizza
 N - 6 chunks of flesh


   Skills:
 + Level 9.2 Fighting
 + Level 6.8 Armour
 + Level 7.7 Dodging
 - Level 2.1 Stealth
 + Level 0.3 Shields
 * Level 12.9 Unarmed Combat
 + Level 2.5 Spellcasting
 + Level 3.5 Invocations


You had 15 spell levels left.
You didn't know any spells.

Dungeon Overview and Level Annotations

Branches:
Dungeon (11/15)            Temple (1/1) D:7            Lair (0/8) D:9
    Orc (0/4) D:10

Altars:
Ashenzari
Cheibriados
Dithmenos
Elyvilon
Fedhas
Gozag
Kikubaaqudgha
Makhleb
Nemelex Xobeh
Okawaru
Qazlal
Ru
Trog
Vehumet
Xom
Yredelemnul
Zin
The Shining One

Shops:
D:5 *   D:8 *}}%}


Innate Abilities, Weirdness & Mutations

Your body is rotting away.
You thrive on raw meat.
You are immune to poison.
You have sharp fingernails.
You are carnivorous and can eat meat at any time.
Your flesh is cold resistant.
You are immune to negative energy.
You regenerate slowly when monsters are visible.
You are immune to unholy pain and torment.
You can survive without breathing.


Message History

You scratch the electric eel but do no damage.
The electric eel is moderately wounded.
The electric eel shoots out a bolt of lightning at you!
The bolt of electricity hits you!
* * * LOW HITPOINT WARNING * * *
The bolt of electricity hits you!
* * * LOW HITPOINT WARNING * * *
The bolt of electricity hits the electric eel.
The electric eel completely resists.
Evoke which item? (* to show all) (? for menu, Esc to quit)
Zapping:
t - a wand of paralysis {zapped: 8} (will waste charges)
Press: ? - help, Shift-Dir - straight line, f/p - electric eel
Aim: an electric eel (moderately wounded, chance to defeat MR: 54%)
The electric eel resists with significant effort.
Evoking this partially-identified wand wasted a few charges.
The electric eel shoots out a bolt of lightning at you!
The bolt of electricity hits you!
* * * LOW HITPOINT WARNING * * *
The bolt of electricity hits you!
You die...

##### #...# #.#.##
#(#..#####
#.##.P.PP###
#.##..≈P≈P≈###
#.##.P≈PPPP≈P##
#.##@;.≈≈♣≈PP≈P######
#.##....P≈≈≈♣P.P ....
#.###..≈P.P≈≈♣≈ ≈.P.
#.# ##..##P.PP♣≈≈≈P≈≈
#.# ##.# ##≈P♣≈≈≈≈PP
#.# #.# ≈PPP♣♣≈≈≈≈
#.# #.###PPP♣≈≈≈≈P.
#.# ##.##..P≈≈≈♣≈PP
#!# ##PP..P≈♣♣≈≈PP;.#


You could see an electric eel.

Vanquished Creatures
  Erolcha (D:11)
  3 hill giants (D:10)
  A centaur zombie (D:10)
  An ugly thing (D:11)
  A troll (D:9)
  3 two-headed ogres
  2 wraiths
  2 deep elf magi
  5 yaks (D:11)
  A basilisk (D:11)
  2 hungry ghosts
  2 hippogriffs
  Duvessa (D:6)
  2 black bears (D:11)
  2 phantoms
  3 ice beasts
  3 water moccasins
  4 centaurs
  11 orc warriors
  2 sky beasts
  3 necrophages
  4 ogres
  5 giant frogs
  A gnoll sergeant (D:6)
  Dowan (D:6)
  3 quasits
  4 wights (D:10)
  2 electric eels (D:11)
  5 crimson imps
  17 orc wizards
  A centaur skeleton (D:7)
  8 orc priests
  2 hounds
  A giant frog zombie (D:10)
  3 jellies
  Crazy Yiuf (D:5)
  2 giant frog skeletons
  6 worker ants
  An iguana (D:8)
  A killer bee zombie (D:10)
  A hound skeleton (D:5)
  3 gnolls
  12 adders
  2 worker ant zombies
  4 shadow imps
  An ooze (D:2)
  An adder zombie (D:6)
  An adder skeleton (D:4)
  9 giant geckos
  55 orcs
  A ball python (D:3)
  9 bats
  3 bat zombies (D:9)
  4 giant cockroaches
  6 goblins
  6 hobgoblins
  A ball python skeleton (D:5)
  A giant gecko skeleton (D:6)
  5 giant newts
  10 jackals
  8 kobolds
  5 quokkas
  A quokka zombie (D:8)
  9 rats
  2 rat zombies (D:9)
283 creatures vanquished.

Notes
Turn   | Place    | Note
--------------------------------------------------------------
     0 | D:1      | inmateoo the Ghoul Monk began the quest for the Orb.
     0 | D:1      | Reached XP level 1. HP: 19/19 MP: 0/0
   157 | D:1      | Reached XP level 2. HP: 22/25 MP: 1/1
   419 | D:1      | Found an iron altar of Okawaru.
   868 | D:2      | Reached XP level 3. HP: 30/30 MP: 2/2
   971 | D:2      | Reached skill level 5 in Unarmed Combat
  1393 | D:3      | Reached XP level 4. HP: 37/40 MP: 3/3
  1649 | D:3      | Reached skill level 1 in Armour
  1664 | D:3      | Found an opulent altar of Gozag.
  1687 | D:3      | Reached XP level 5. HP: 41/46 MP: 4/4
  1881 | D:3      | Found a burning altar of Makhleb.
  1902 | D:3      | Reached skill level 6 in Unarmed Combat
  1902 | D:3      | Reached XP level 6. HP: 43/53 MP: 5/5
  2545 | D:4      | Reached XP level 7. HP: 36/60 MP: 6/6
  2792 | D:5      | Entered Level 5 of the Dungeon
  2798 | D:5      | Reached skill level 7 in Unarmed Combat
  2913 | D:5      | Reached skill level 5 in Fighting
  3099 | D:5      | Reached XP level 8. HP: 66/69 MP: 7/7
  3198 | D:5      | Noticed Crazy Yiuf
  3204 | D:5      | Killed Crazy Yiuf
  3263 | D:5      | Found a shadowy altar of Dithmenos.
  3276 | D:5      | Found Pokloxed's Assorted Antiques.
  3305 | D:5      | Bought a scroll of identify for 42 gold pieces
  3306 | D:5      | Bought a fuming dark potion for 18 gold pieces
  3306 | D:5      | Bought a fizzy pink potion for 18 gold pieces
  3306 | D:5      | Bought a fuming dark potion for 18 gold pieces
  3306 | D:5      | Bought a puce potion for 18 gold pieces
  3395 | D:6      | Reached skill level 8 in Unarmed Combat
  3560 | D:6      | Reached skill level 5 in Dodging
  4041 | D:6      | Noticed Duvessa
  4041 | D:6      | Noticed Dowan
  4675 | D:6      | Killed Duvessa
  4675 | D:6      | Reached skill level 9 in Unarmed Combat
  4675 | D:6      | Reached XP level 9. HP: 54/77 MP: 8/8
  4688 | D:6      | Killed Dowan
  4724 | D:6      | Found a sparkling altar of Nemelex Xobeh.
  4901 | D:7      | Found a staircase to the Ecumenical Temple.
  4982 | Temple   | Entered the Ecumenical Temple
  5136 | Temple   | Became a worshipper of Cheibriados the Contemplative
  5136 | Temple   | Reached * piety under Cheibriados
  5136 | Temple   | Reached ** piety under Cheibriados
  5272 | D:7      | Reached skill level 10 in Unarmed Combat
  5399 | D:7      | Found a sparkling altar of Nemelex Xobeh.
  5456 | D:7      | Found a glowing golden altar of the Shining One.
  5759 | D:8      | Found Tatitsy's Gadget Boutique.
  5759 | D:8      | Found Quydari's Gadget Shoppe.
  5759 | D:8      | Found Lobonera's Assorted Antiques.
  5805 | D:8      | Bought 3 scrolls labeled WOIXTEKLIOP for 78 gold pieces
  5806 | D:8      | Bought 2 scrolls of identify for 104 gold pieces
  5806 | D:8      | Bought a scroll of identify for 52 gold pieces
  5806 | D:8      | Bought a scroll of identify for 52 gold pieces
  5897 | D:8      | Found Dasihy's Food Emporium.
  5936 | D:8      | Reached skill level 5 in Armour
  6195 | D:8      | Reached *** piety under Cheibriados
  6195 | D:8      | Reached XP level 10. HP: 74/86 MP: 9/9
  6307 | D:8      | Found a radiant altar of Vehumet.
  6390 | D:8      | Found Oshruq's Gadget Shop.
  6688 | D:9      | Reached skill level 11 in Unarmed Combat
  6802 | D:9      | Identified a scroll of acquirement
  6805 | D:9      | Got a pair of warped boots
  6816 | D:9      | Identified the +2 pair of boots of Divine Compulsion {+Fly Int+6} (You acquired it on level 9 of the Dungeon)
  6901 | D:9      | Reached **** piety under Cheibriados
  6923 | D:9      | Found a staircase to the Lair.
  7199 | D:9      | Found an ancient bone altar of Kikubaaqudgha.
  7226 | D:9      | You fall through a shaft!
  7226 | D:10     | Entered Level 10 of the Dungeon
  7293 | D:10     | Noticed a hill giant
  7299 | D:10     | Killed a hill giant
  7381 | D:10     | Reached skill level 12 in Unarmed Combat
  7481 | D:10     | Reached ***** piety under Cheibriados
  7509 | D:10     | Reached XP level 11. HP: 66/95 MP: 10/10
  7551 | D:10     | Found a staircase to the Orcish Mines.
  7667 | D:10     | Noticed a hill giant
  7677 | D:10     | Killed a hill giant
  7677 | D:10     | Reached skill level 1 in Spellcasting
  7677 | D:10     | Reached skill level 1 in Invocations
  7746 | D:10     | Noticed a hill giant
  7755 | D:10     | Killed a hill giant
  7947 | D:11     | Noticed Erolcha
  7959 | D:11     | Killed Erolcha
  8439 | D:11     | HP: 3/97 [electric eel/bolt of electricity (9)]
  8439 | D:11     | Killed from afar by an electric eel

Action                   |  1- 3 |  4- 6 |  7- 9 | 10-12 || total
-------------------------+-------+-------+-------+-------++-------
Melee: Unarmed           |   111 |   156 |   429 |   318 ||  1014
Invok: Slouch            |       |       |       |     6 ||     6
Evoke: Wand              |       |       |       |     4 ||     4
  Use: Scroll            |       |       |    21 |     7 ||    28
       Potion            |       |       |     2 |       ||     2
 Stab: Sleeping          |     1 |       |       |       ||     1
  Eat: Chunk             |     7 |    15 |    36 |    31 ||    89
